 Dungeon Crawl Stone Soup version 0.27.1-1-g398f81649c (webtiles) character file.

Game seed: 179776193635559435

109 101zpm the Covered (level 4, -1/29 HPs)
             Began as a Gargoyle Fighter on Sept 15, 2021.
             Slain by a shadow imp (4 damage)
             ... summoned by Natasha
             ... on level 3 of the Dungeon.
             The game lasted 00:04:01 (2126 turns).

101zpm the Covered (Gargoyle Fighter)               Turns: 2126, Time: 00:04:02

Health: -1/29      AC: 10    Str: 21    XL:     4   Next: 89%
Magic:  4/4        EV:  7    Int:  8    God:
Gold:   101        SH:  9    Dex:  9    Spells: 3/3 levels left

rFire    . . .     SeeInvis .   a - +0 flail
rCold    . . .     Faith    .   c - +0 kite shield
rNeg     + . .     Spirit   .   b - +0 scale mail
rPois    ∞         Reflect  .   (no helmet)
rElec    +         Harm     .   (no cloak)
rCorr    .         Rampage  .   (no gloves)
Will     .....                  (no boots)
Stlth    ..........             (no amulet)
HPRegen  0.09/turn              (no ring)
MPRegen  0.09/turn              (no ring)

@: no status effects
A: sickness immunity, AC +3, negative energy resistance 1, electricity
resistance, torment resistance 1, petrification resistance
a: no special abilities


You were on level 3 of the Dungeon.
You visited 1 branch of the dungeon, and saw 3 of its levels.

You collected 101 gold pieces.

Inventory:

Hand Weapons
 a - a +0 flail (weapon)
Missiles
 l - 43 stones (quivered)
 m - 7 curare-tipped darts
Armour
 b - a +0 scale mail (worn)
 c - a +0 kite shield (worn)
Scrolls
 h - 2 scrolls of noise {unknown}
 i - a scroll of amnesia {unknown}
 j - 3 scrolls of teleportation {unknown}
 o - 2 scrolls of identify {unknown}
Potions
 d - a potion of might
 e - 2 potions of flight {unknown}
 f - 2 potions of berserk rage {unknown}
 g - a potion of invisibility {unknown}
 k - a potion of attraction {unknown}
 n - 2 potions of curing {unknown}
 p - a potion of lignification {unknown}


   Skills:
 + Level 3.6 Fighting
 + Level 3.7 Maces & Flails
 + Level 3.8 Armour
 + Level 0.5 Dodging
 + Level 0.3 Stealth
 + Level 3.7 Shields


You had 3 spell levels left.
You didn't know any spells.
Your spell library contained the following spells:

 Spells                   Type           Power      Damage    Failure   Level
 Freeze                   Ice            0%         1d3       99%         1
 Frozen Ramparts          Ice            0%         1d2       100%        3
 Hailstorm                Conj/Ice       0%         3d3       100%        4


Dungeon Overview and Level Annotations

Branches:
Dungeon (3/15)

Altars:
Ashenzari
Fedhas
Kikubaaqudgha
Ru
Vehumet

Shops:
D:1 (   D:2 *

Annotations:
D:3 Natasha


Innate Abilities, Weirdness & Mutations

You are immune to sickness and miasma.
Your stone body is resilient. (AC +3)
You are immune to poison.
You resist negative energy. (rN+)
You are resistant to electric shocks. (rElec)
You are resistant to unholy torment.
You are immune to petrification.


Message History

You barely miss Natasha. You block Natasha's attack. x2
You thump Natasha!
Natasha is severely wounded.
Natasha stares at you and mumbles some strange words.
The magic dart hits you.
Your shield and scale mail prevent you from hitting Natasha.
Natasha is severely wounded.
Natasha barely misses you.
You completely miss Natasha.
Natasha is severely wounded.
Natasha mumbles some strange words.
Natasha stares at you and mumbles some strange words.
The magic dart hits you!
You are too injured to fight recklessly!
You are too injured to fight recklessly!
You are too injured to fight recklessly!
You are too injured to fight recklessly!
You are too injured to fight recklessly!
You are too injured to fight recklessly!
You are too injured to fight recklessly!
You are too injured to fight recklessly!
You are too injured to fight recklessly!
You are too injured to fight recklessly!
You are too injured to fight recklessly!
You hit Natasha.
Natasha is almost dead.
Natasha claws you but does no damage.
You barely miss Natasha.
Natasha is almost dead.
You block Natasha's attack. Natasha claws you. The shadow imp hits you.
Your shield prevents you from hitting Natasha.
Natasha is almost dead.
You block Natasha's attack. The shadow imp gestures at you.
Pain shoots through your body!
* * * LOW HITPOINT WARNING * * *
You barely miss Natasha.
Natasha is almost dead.
Natasha claws you but does no damage. The shadow imp hits you.
You die...

##..........#
(...........# ##########
............# #.......$.
.#..........# #.........
##..........# #.........
...........!###.........
##..........†<#.........
##.##.###..##†...5......
...##.# ##......@h......
......# ######.........
##....##### #.........
..........# #.........
....†.....##......#.#..#
#............####......#
#......).....# .......
.................[....#
......_...###.#..


You could see Natasha and a shadow imp (summoned).

Vanquished Creatures
  3 adders
  2 worms
  2 dart slugs
  4 orcs (D:3)
  2 ball pythons
  6 endoplasms
  6 goblins
  6 hobgoblins
  4 jackals (D:3)
  10 kobolds
  3 quokkas
  5 bats
  5 frilled lizards (D:1)
  6 rats
  A spectral hobgoblin (D:3)
65 creatures vanquished.

Notes
Turn   | Place    | Note
-------+----------+-------------------------------------------
     0 | D:1      | 101zpm the Gargoyle Fighter began the quest for the Orb.
     0 | D:1      | Reached XP level 1. HP: 14/14 MP: 1/1
     2 | D:1      | Noticed a demigod
     2 | D:1      | Noticed an elf
     4 | D:1      | Noticed a demonspawn
     4 | D:1      | Noticed an ogre
     6 | D:1      | Noticed a vine stalker
     8 | D:1      | Noticed a tengu
     8 | D:1      | Noticed a formicid
    10 | D:1      | Noticed a vampire
    10 | D:1      | Noticed a troll
    12 | D:1      | Noticed a dwarf
    12 | D:1      | Noticed a draconian
    14 | D:1      | Noticed a merfolk
    14 | D:1      | Noticed a barachi
    16 | D:1      | Noticed a minotaur
    18 | D:1      | Noticed a palentonga
    18 | D:1      | Noticed a gargoyle
    20 | D:1      | Noticed a felid
    20 | D:1      | Noticed a human
    22 | D:1      | Noticed a djinni
    22 | D:1      | Noticed a naga
    24 | D:1      | Noticed a spriggan
    24 | D:1      | Noticed a ghoul
    26 | D:1      | Noticed an octopode
    38 | D:1      | Found Cuhimnol's Antique Weapon Boutique.
    75 | D:1      | Reached XP level 2. HP: 10/19 MP: 2/2
   670 | D:1      | Reached XP level 3. HP: 23/23 MP: 3/3
  1211 | D:2      | Found a sacrificial altar of Ru.
  1340 | D:2      | Found Nidic's General Store.
  1462 | D:2      | Reached XP level 4. HP: 26/28 MP: 4/4
  1951 | D:3      | Found a faded altar of an unknown god.
  2043 | D:3      | Found a radiant altar of Vehumet.
  2044 | D:3      | Found a broken altar of Ashenzari.
  2044 | D:3      | Found a blossoming altar of Fedhas.
  2045 | D:3      | Found an ancient bone altar of Kikubaaqudgha.
  2114 | D:3      | Noticed Natasha
  2126 | D:3      | Slain by a shadow imp

Illustrated notes

Levels and vault maps discovered:
D:1:      kb_arrival_jail, layout_rooms, serial_shops, nicolae_diamond_shop
D:2:      layout_rooms, basic_altar, serial_shops, nicolae_shop_trees
D:3:      layout_rooms, chequers_temple_overflow_statue_of_worship,
          portal_sewer_entry_b, dreamdust_ecumenical_altar_drowned_temple,
          amethyst_killhole, lemuel_another_geyser, uniq_natasha

Skill      XL: |  1  2  3 |
---------------+----------+-----
Maces & Flails | 3 |  3.7
Fighting       | |  3.6
Armour         | |  3.8
Dodging        | |  0.5
Stealth        | |  0.3
Shields        | |  3.7

Action                   |  1- 3 |  4- 6 || total
-------------------------+-------+-------++-------
Melee: Flail             |   125 |    88 ||   213
Throw: Stone             |       |     3 ||     3
Armor: Scale mail        |    78 |    56 ||   134
Dodge: Dodged            |    45 |    36 ||    81
Block: Kite shield       |    72 |    52 ||   124
